 Dungeon Crawl Stone Soup version 0.26-a0-812-g31a745ddcd (webtiles) character file.

Game seed: 14784401170125251783

520 mhtbhm the Cudgeller (level 7, -1/44 HPs)
             Began as a Gargoyle Fighter on Nov 13, 2020.
             Slain by an ogre
             ... wielding a +0 giant spiked club
              (24 damage)
             ... on level 4 of the Dungeon.
             The game lasted 00:03:50 (2820 turns).

mhtbhm the Cudgeller (Gargoyle Fighter)             Turns: 2820, Time: 00:03:51

Health: -1/44      AC: 15    Str: 21    XL:     7   Next: 21%
Magic:  7/7        EV: 10    Int:  9    God:
Gold:   176        SH:  9    Dex:  9    Spells: 6/6 levels left

rFire    + . .     SeeInvis .   a - +0 whip (venom)
rCold    . . .     Faith    .   c - +0 kite shield
rNeg     + . .     Spirit   .   b - +1 chain mail {rF+}
rPois    ∞         Reflect  .   (no helmet)
rElec    +         Harm     .   (no cloak)
rCorr    .         Rampage  .   (no gloves)
MR       .....                  (no boots)
Stlth    ..........             (no amulet)
HPRegen  0.14/turn              g - +4 ring of evasion
MPRegen  0.10/turn              (no ring)

@: no status effects
A: negative energy resistance 1, electricity resistance, unbreathing,
petrification resistance, rot immunity, AC +4
a: no special abilities


You were on level 4 of the Dungeon.
You visited 1 branch of the dungeon, and saw 4 of its levels.

You collected 176 gold pieces.

Inventory:

Hand Weapons
 a - a +0 whip of venom (weapon)
Armour
 b - a +1 chain mail of fire resistance (worn)
 c - a +0 kite shield (worn)
Jewellery
 g - a +4 ring of evasion (left hand)
Scrolls
 f - a scroll of remove curse
 h - 2 scrolls of blinking
 j - 2 scrolls of teleportation
 l - a scroll of fog {unknown}
 m - a scroll of amnesia {unknown}
Potions
 d - a potion of might
 e - 2 potions of brilliance
 i - a potion of heal wounds {unknown}
 k - 2 potions of lignification
 n - a potion of resistance {unknown}


   Skills:
 + Level 4.5 Fighting
 + Level 5.3 Maces & Flails
 + Level 4.2 Armour
 + Level 0.9 Dodging
 + Level 1.1 Stealth
 + Level 4.9 Shields


You had 6 spell levels left.
You didn't know any spells.
Your spell library was empty.

Dungeon Overview and Level Annotations

Branches:
Dungeon (4/15)
 Temple: D:4-7

Altars:
Gozag
Trog
Yredelemnul


Innate Abilities, Weirdness & Mutations

You are resistant to torment.
Your stone body is resilient. (AC +4)
You are immune to poison.
You resist negative energy. (rN+)
You are resistant to electric shocks. (rElec)
You can survive without breathing.
You are immune to petrification.
You are immune to rotting.


Message History

You kill the gnoll!
The gnoll closely misses you.
You barely miss the ogre.
The ogre hits you with a +0 giant spiked club!
You barely miss the ogre. You block the gnoll's attack.
You hit the ogre.
The ogre is poisoned.
The ogre is lightly wounded.
The gnoll hits you from afar with a +0 halberd.
You block the ogre's attack.
You hit the ogre.
The ogre looks as sick as possible!
The ogre is lightly wounded.
The gnoll barely misses you. You block the ogre's attack.
You hit the ogre but do no damage.
The ogre looks as sick as possible!
The ogre is lightly wounded.
The gnoll hits you but does no damage.
You whack the ogre!
The ogre looks as sick as possible!
The ogre is moderately wounded.
The ogre hits you with a +0 giant spiked club!!
Ouch! That really hurt!
You die...

.#.........................#.....
.########...#########.##...#.....
.# #...# #.########### .# #...#
#.# .# #...# #.# .# #...# #.# .#
#...###### ... ## #......))# ...
#########@# ...#####O###
...###.#.g..g..# ........Og##.#.#
..........##.#.# ....##.##.##.#.#
... #. .....#.# . .. #.####.# ...
..# .#


You could see an ogre (extremely poisoned) and a gnoll.

Vanquished Creatures
  2 ogres
  A howler monkey (D:4)
  An orc priest (D:3)
  A hound (D:4)
  A gnoll shaman (D:4)
  Jessica (D:3)
  Terence (D:2)
  8 gnolls
  An adder (D:4)
  An ooze (D:3)
  2 adder skeletons (D:4)
  4 dart slugs
  2 leopard geckos
  5 orcs
  3 bats
  3 giant cockroaches (D:2)
  6 goblins
  7 hobgoblins
  3 jackals (D:2)
  4 kobolds
  3 quokkas
  A ball python (D:1)
  5 frilled lizards
  8 rats
74 creatures vanquished.

Notes
Turn   | Place    | Note
-------+----------+-------------------------------------------
     0 | D:1      | mhtbhm the Gargoyle Fighter began the quest for the Orb.
     0 | D:1      | Reached XP level 1. HP: 14/14 MP: 1/1
   237 | D:1      | Reached XP level 2. HP: 19/19 MP: 2/2
   876 | D:2      | Reached XP level 3. HP: 24/24 MP: 3/3
   888 | D:2      | Noticed Terence
   903 | D:2      | Killed Terence
  1082 | D:2      | Reached XP level 4. HP: 29/29 MP: 4/4
  1202 | D:2      | Found a bloodstained altar of Trog.
  1440 | D:3      | Reached skill level 3 in Maces & Flails
  1697 | D:3      | Reached XP level 5. HP: 28/33 MP: 5/5
  1752 | D:3      | Noticed Jessica
  1762 | D:3      | Killed Jessica
  1804 | D:2      | Found a basalt altar of Yredelemnul.
  1846 | D:3      | Found an opulent altar of Gozag.
  1863 | D:3      | Reached skill level 4 in Maces & Flails
  2070 | D:3      | Noticed an ogre
  2082 | D:3      | Killed an ogre
  2082 | D:3      | Reached XP level 6. HP: 32/38 MP: 6/6
  2505 | D:4      | Reached skill level 5 in Maces & Flails
  2586 | D:4      | Reached XP level 7. HP: 39/44 MP: 7/7
  2779 | D:4      | Found a bloodstained altar of Trog.
  2803 | D:4      | Reached skill level 1 in Stealth
  2820 | D:4      | Slain by an ogre

Illustrated notes

Levels and vault maps discovered:
D:1:      psy_arrival_basics, layout_loops_ring, minmay_pentomino_v2
D:2:      lemuel_upstairs_altar, layout_basic, trog_butcher_becter, uniq_terence
D:3:      layout_basic, nicolae_gozag_seed_capital, uniq_jessica
D:4:      layout_loops_cross, bloody_trog, kennysheep_generic_room_10

Skill      XL: |  1  2  3  4  5  6  7 |
---------------+----------------------+-----
Maces & Flails | 3 4 5 |  5.3
Fighting       | 4 |  4.5
Shields        | 4 |  4.9
Armour         | 4 |  4.2
Stealth        | 1 |  1.1
Dodging        | |  0.9

Action                   |  1- 3 |  4- 6 |  7- 9 || total
-------------------------+-------+-------+-------++-------
Melee: Flail             |    98 |   156 |     9 ||   263
       Whip              |       |       |    28 ||    28
  Use: Scroll            |     4 |     3 |       ||     7
Armor: Scale mail        |    60 |       |       ||    60
       Chain mail        |     3 |    73 |    29 ||   105
Dodge: Dodged            |    40 |    57 |    14 ||   111
Block: Kite shield       |    47 |    74 |    22 ||   143

Table legend: (Time is in decaauts)
 A = Elapsed time spent in this place.
 B = Non-inter-level travel time spent in this place.
 C = Inter-level travel time spent in this place.
 D = Time resting spent in this place.
 E = Time spent auto-exploring this place.
 F = Levels seen in this place.
 G = Mean time per level.
                   A        B        C        D        E       F      G
               +--------+--------+--------+--------+--------+-----+--------+
         Total |   2900 |   2771 |    129 |    189 |   1824 |   4 |  725.0 |
       Dungeon |   2900 |   2771 |    129 |    189 |   1824 |   4 |  725.0 |
               +--------+--------+--------+--------+--------+-----+--------+

Top non-repeatable levels by time:
     D:3: 886 daAuts
     D:2: 854 daAuts
     D:1: 753 daAuts
     D:4: 405 daAuts
